Workbook

Sheet Accounting Statement
B1: Accounting statements 2022-23
B3: By completing this box, the figures will pull through to the relevant tabs of the workbook to assist you in reporting on the significant variances
C5: Year ending | I5: Notes and guidance | J5: Explanation required
C6: 44651 | D6: 45016 | E6: Variance £ | F6: Variance % | I6: Please round all figures to nearest £1. Do not leave any boxes blank and report £0 or Nil balances. All figures must agree to underlying financial records.
B7: 1. Balances brought forward | C7: 103947 | D7: 118569.3 | I7: Total balances and reserves at the beginning of the year as recorded in the financial records. Value must agree to Box 7 of previous year
B8: 2. (+) Precept or Rates and Levies | C8: 21133 | D8: 21661.6 | E8: =D8-C8 -> 528.6 | F8: =IF(AND(C8=0,D8=0),0,IF(C8=0,1,IF(D8=0,-1,(D8-C8)/C8))) -> 0.025013013 | G8: =IF(E8>100000,"Yes",IF(E8<-100000,"Yes","No")) -> No | H8: =IF(F8>15%,"Yes",IF(F8<-15%,"Yes","No")) -> No | I8: Total amount of precept (or for IDBs rates and levies) received or receivable in the year. Exclude any grants received. | J8: =IF(ISBLANK(C8),"Enter figures",IF(G8="Yes","Please explain within the relevant tab",IF(H8="Yes","Please explain within the relevant tab","No explanation required"))) -> No explanation required
B9: 3. (+) Total other receipts | C9: 52002 | D9: 28293.82 | E9: =D9-C9 -> -23708.18 | F9: =IF(AND(C9=0,D9=0),0,IF(C9=0,1,IF(D9=0,-1,(D9-C9)/C9))) -> -0.455909 | G9: =IF(E9>100000,"Yes",IF(E9<-100000,"Yes","No")) -> No | H9: =IF(F9>15%,"Yes",IF(F9<-15%,"Yes","No")) -> Yes | I9: Total income or receipts as recorded in the cashbook less the precept or rates/levies received (line 2). Include any grants received. | J9: =IF(ISBLANK(C9),"Enter figures",IF(G9="Yes","Please explain within the relevant tab",IF(H9="Yes","Please explain within the relevant tab","No explanation required"))) -> Please explain within the relevant tab
B10: 4. (-) Staff costs | C10: 18053 | D10: 17237.56 | E10: =D10-C10 -> -815.44 | F10: =IF(AND(C10=0,D10=0),0,IF(C10=0,1,IF(D10=0,-1,(D10-C10)/C10))) -> -0.045169224 | G10: =IF(E10>100000,"Yes",IF(E10<-100000,"Yes","No")) -> No | H10: =IF(F10>15%,"Yes",IF(F10<-15%,"Yes","No")) -> No | I10: Total expenditure or payments made to and on behalf of all employees. Include gross salaries and wages, employers NI contirbutions, employers pension contributions, gratuities and severance payments. | J10: =IF(ISBLANK(C10),"Enter figures",IF(G10="Yes","Please explain within the relevant tab",IF(H10="Yes","Please explain within the relevant tab","No explanation required"))) -> No explanation required
B11: 5. (-) Loan interest/capital repayments | C11: 0 | D11: 0 | E11: =D11-C11 -> 0 | F11: =IF(AND(C11=0,D11=0),0,IF(C11=0,1,IF(D11=0,-1,(D11-C11)/C11))) -> 0 | G11: =IF(E11>100000,"Yes",IF(E11<-100000,"Yes","No")) -> No | H11: =IF(F11>15%,"Yes",IF(F11<-15%,"Yes","No")) -> No | I11: Total expenditure of payments of capital and interest made during the year on the authority's borrowings (if any). | J11: =IF(ISBLANK(C11),"Enter figures",IF(G11="Yes","Please explain within the relevant tab",IF(H11="Yes","Please explain within the relevant tab","No explanation required"))) -> No explanation required
B12: 6. (-) All other payments | C12: 40460 | D12: 29830.78 | E12: =D12-C12 -> -10629.22 | F12: =IF(AND(C12=0,D12=0),0,IF(C12=0,1,IF(D12=0,-1,(D12-C12)/C12))) -> -0.26270934 | G12: =IF(E12>100000,"Yes",IF(E12<-100000,"Yes","No")) -> No | H12: =IF(F12>15%,"Yes",IF(F12<-15%,"Yes","No")) -> Yes | I12: Total expenditure or payments as recorded in the cashbook less staff costs (line 4) and loan interest/capital repayments (line 5). | J12: =IF(ISBLANK(C12),"Enter figures",IF(G12="Yes","Please explain within the relevant tab",IF(H12="Yes","Please explain within the relevant tab","No explanation required"))) -> Please explain within the relevant tab
B13: 7. (=) Balances carried forward | C13: =C7+C8+C9-C10-C11-C12 -> 118569 | D13: =D7+D8+D9-D10-D11-D12 -> 121456.38 | I13: Total balances and reserves at the end of the year. Must equal (1+2+3) - (4+5+6). | J13: =IF(D13>(D8*2),"Please explain in the Reserves tab","No explanation required") -> Please explain in the Reserves tab
C14: Bal c/f checker | D14: Bal c/f checker
B15: 8. Total value of cash and short term investments | C15: 118569 | D15: 121456.38 | I15: The sum of all current and deposit bank accounts, cash holdings and short term investments held as at 31 March - to agree with bank reconciliation.
B16: 9. Total fixed assets plus long term investments and assets | C16: 182048 | D16: 182330.6 | E16: =D16-C16 -> 282.6 | F16: =IF(AND(C16=0,D16=0),0,IF(C16=0,1,IF(D16=0,-1,(D16-C16)/C16))) -> 0.0015523378 | G16: =IF(E16>100000,"Yes",IF(E16<-100000,"Yes","No")) -> No | H16: =IF(F16>15%,"Yes",IF(F16<-15%,"Yes","No")) -> No | I16: The value of all the property the authority owns - it is made up of all its fixed assets and long term investments as at 31 March. | J16: =IF(ISBLANK(C16),"Enter figures",IF(G16="Yes","Please explain within the relevant tab",IF(H16="Yes","Please explain within the relevant tab","No explanation required"))) -> No explanation required
B17: 10. Total borrowings | C17: 0 | D17: 0 | E17: =D17-C17 -> 0 | F17: =IF(AND(C17=0,D17=0),0,IF(C17=0,1,IF(D17=0,-1,(D17-C17)/C17))) -> 0 | G17: =IF(E17>100000,"Yes",IF(E17<-100000,"Yes","No")) -> No | H17: =IF(F17>15%,"Yes",IF(F17<-15%,"Yes","No")) -> No | I17: The outstanding capital balances as at 31 March of all loans from third parties (including PWLB). | J17: =IF(ISBLANK(C17),"Enter figures",IF(G17="Yes","Please explain within the relevant tab",IF(H17="Yes","Please explain within the relevant tab","No explanation required"))) -> No explanation required

Sheet Box 2 Precept
B1: Precept or rates and levies
B4: 2021/22 | C4: ='Accounting Statement'!C8 -> 21133 | D4: 2022/23 | E4: ='Accounting Statement'!D8 -> 21661.6
D6: Difference | E6: =E4-C4 -> 528.6
D7: % Change | E7: =IF(AND(C4=0,E4=0),0,IF(C4=0,1,IF(E4=0,-1,(E4-C4)/C4))) -> 0.025013013 | F7: =IF(E7<-0.15,"yes explain",IF(E7>0.15,"Yes explain","No explanation required")) -> No explanation required
B9: Use the table below to breakdown your explanation
B11: 2021/22 £ | C11: 2022/23 £ | D11: Difference | E11: Explanation (Ensure each explanation is quantified)
D12: =C12-B12 -> 0
D13: =C13-B13 -> 0
D14: =C14-B14 -> 0
D15: =C15-B15 -> 0
D16: =C16-B16 -> 0
D17: =C17-B17 -> 0
D18: =C18-B18 -> 0
D19: =C19-B19 -> 0
D20: =C20-B20 -> 0
D21: =C21-B21 -> 0
D22: =C22-B22 -> 0
D23: =C23-B23 -> 0
... D25: =C25-B25 -> 0
A26: Total | B26: =SUM(B12:B25) -> 0 | C26: =SUM(C12:C25) -> 0 | D26: =SUM(D12:D25) -> 0
A29: Enter more lines as appropriate

Sheet Box 3 Receipts
B1: Other receipts
B4: 2021/22 | C4: ='Accounting Statement'!C9 -> 52002 | D4: 2022/23 | E4: ='Accounting Statement'!D9 -> 28293.82
D6: Difference | E6: =E4-C4 -> -23708.18
D7: % Change | E7: =IF(AND(C4=0,E4=0),0,IF(C4=0,1,IF(E4=0,-1,(E4-C4)/C4))) -> -0.455909 | F7: =IF(E7<-0.15,"yes explain",IF(E7>0.15,"Yes explain","No explanation required")) -> yes explain
B9: Use the table below to breakdown your explanation
B10: (consider any fixed assets that have been sold and ensure reflected in explanation in box 9 fixed assets)
B12: 2021/22 £ | C12: 2022/23 £ | D12: Difference | E12: Explanation (Ensure each explanation is quantified)
B13: 1871.26 | C13: 0 | D13: =C13-B13 -> -1871.26 | E13: Toilet Tax rebate provided by Cornwall Council as no longer charged
B14: 5000 | C14: 0 | D14: =C14-B14 -> -5000 | E14: bus shelter grant from Cornwall Council to replace bus shelter one off grant
B15: 9932 | C15: 0 | D15: =C15-B15 -> -9932 | E15: National Lottery grant for Open Space gym equipment. One off grant
B16: 5567.33 | C16: 0 | D16: =C16-B16 -> -5567.33 | E16: CIL plans Levy award from Cornwall Council one off award none received this year.
C17: 2000 | D17: =C17-B17 -> 2000 | E17: donation - one off large donation from parishioner, whose husband died and wanted to help build steps/handrails for new Finnygook walk permissive footpath - which he had been his idea.
B18: 25634 | C18: 20269.85 | D18: =C18-B18 -> -5364.15 | E18: Portwrinkle car park ticket machine revenue. Less received this year due to ticket machine not working at beginning of year/awaiting replacement. Plus more visitors used the car park =more revenue in previous year due to an increase in staycations, due to covid pandemic and travekl restrictions/complications. It was easier to travel abroad this year.
D19: =C19-B19 -> 0
D20: =C20-B20 -> 0
D21: =C21-B21 -> 0
D22: =C22-B22 -> 0
D23: =C23-B23 -> 0
D24: =C24-B24 -> 0
D25: =C25-B25 -> 0
D26: =C26-B26 -> 0
D27: =C27-B27 -> 0
A28: Total | B28: =SUM(B13:B27) -> 48004.59 | C28: =SUM(C13:C27) -> 22269.85 | D28: =SUM(D13:D27) -> -25734.74
A31: Enter more lines as appropriate

Sheet Box 4 Staff costs
B1: Staff costs
B4: 2021/22 | C4: ='Accounting Statement'!C10 -> 18053 | D4: 2022/23 | E4: ='Accounting Statement'!D10 -> 17237.56
D6: Difference | E6: =E4-C4 -> -815.44
D7: % Change | E7: =IF(AND(C4=0,E4=0),0,IF(C4=0,1,IF(E4=0,-1,(E4-C4)/C4))) -> -0.045169224 | F7: =IF(E7<-0.15,"yes explain",IF(E7>0.15,"Yes explain","No explanation required")) -> No explanation required
B9: Use the table below to breakdown your explanation
B11: 2021/22 £ | C11: 2022/23 £ | D11: Difference | E11: Explanation (Ensure each explanation is quantified)
D12: =C12-B12 -> 0
D13: =C13-B13 -> 0
D14: =C14-B14 -> 0
D15: =C15-B15 -> 0
D16: =C16-B16 -> 0
D17: =C17-B17 -> 0
D18: =C18-B18 -> 0
D19: =C19-B19 -> 0
D20: =C20-B20 -> 0
D21: =C21-B21 -> 0
D22: =C22-B22 -> 0
D23: =C23-B23 -> 0
... D26: =C26-B26 -> 0
A27: Total | B27: =SUM(B12:B26) -> 0 | C27: =SUM(C12:C26) -> 0 | D27: =SUM(D12:D26) -> 0
A30: Enter more lines as appropriate

Sheet Box 5 Loan repayments
B1: Loan interest & capital repayments
B4: 2021/22 | C4: ='Accounting Statement'!C11 -> 0 | D4: 2022/23 | E4: ='Accounting Statement'!D11 -> 0
D6: Difference | E6: =E4-C4 -> 0
D7: % Change | E7: =IF(AND(C4=0,E4=0),0,IF(C4=0,1,IF(E4=0,-1,(E4-C4)/C4))) -> 0 | F7: =IF(E7<-0.15,"yes explain",IF(E7>0.15,"Yes explain","No explanation required")) -> No explanation required
B9: Use the table below to breakdown your explanation
B11: 2021/22 £ | C11: 2022/23 £ | D11: Difference | E11: Explanation (Ensure each explanation is quantified)
D12: =C12-B12 -> 0
D13: =C13-B13 -> 0
D14: =C14-B14 -> 0
D15: =C15-B15 -> 0
D16: =C16-B16 -> 0
D17: =C17-B17 -> 0
D18: =C18-B18 -> 0
D19: =C19-B19 -> 0
D20: =C20-B20 -> 0
D21: =C21-B21 -> 0
D22: =C22-B22 -> 0
D23: =C23-B23 -> 0
... D26: =C26-B26 -> 0
A27: Total | B27: =SUM(B12:B26) -> 0 | C27: =SUM(C12:C26) -> 0 | D27: =SUM(D12:D26) -> 0
A30: Enter more lines as appropriate

Sheet Box 6 Payments
B1: All other payments
B4: 2021/22 | C4: ='Accounting Statement'!C12 -> 40460 | D4: 2022/23 | E4: ='Accounting Statement'!D12 -> 29830.78
D6: Difference | E6: =E4-C4 -> -10629.22
D7: % Change | E7: =IF(AND(C4=0,E4=0),0,IF(C4=0,1,IF(E4=0,-1,(E4-C4)/C4))) -> -0.26270934 | F7: =IF(E7<-0.15,"yes explain",IF(E7>0.15,"Yes explain","No explanation required")) -> yes explain
B9: Use the table below to breakdown your explanation
B10: (consider any fixed assets that have been purchased and reflect in explanation in box 9 fixed assets)
B12: 2021/22 £ | C12: 2022/23 £ | D12: Difference | E12: Explanation (Ensure each explanation is quantified)
B13: 5235 | C13: 0 | D13: =C13-B13 -> -5235 | E13: purchase of new bus shelter from grant award
B14: 11935 | C14: 0 | D14: =C14-B14 -> -11935 | E14: purchase of new outdoor gym equipment
B15: 1230 | C15: 0 | D15: =C15-B15 -> -1230 | E15: purchase in bulk of new ticket machine rolls fro car park to last 3 years approx
B16: 450.95 | D16: =C16-B16 -> -450.95 | E16: new recycled bench for footpath
B17: 732 | D17: =C17-B17 -> -732 | E17: new recycled picnic table games bench for Open Space
C18: 458.33 | D18: =C18-B18 -> 458.33 | E18: New lap top
C19: 1420 | D19: =C19-B19 -> 1420 | E19: new lowers steps and rails for new permissive footpath Finnygook walk
C20: 1750 | D20: =C20-B20 -> 1750 | E20: New handrails along 5 sections of the footpath/steps
C21: 4850 | D21: =C21-B21 -> 4850 | E21: new repalcement ticket machine for Portwrinkle car park
C22: 1414.96 | D22: =C22-B22 -> 1414.96 | E22: New Gazeebo shelter for the Open Space project.
D23: =C23-B23 -> 0
D24: =C24-B24 -> 0
D25: =C25-B25 -> 0
D26: =C26-B26 -> 0
D27: =C27-B27 -> 0
A28: Total | B28: =SUM(B13:B27) -> 19582.95 | C28: =SUM(C13:C27) -> 9893.29 | D28: =SUM(D13:D27) -> -9689.66
A31: Enter more lines as appropriate

Sheet Reserves
B1: Reserves
B4: Box 7 | C4: ='Accounting Statement'!D13 -> 121456.38 | D4: Precept | E4: ='Accounting Statement'!D8 -> 21661.6
D6: Do reserves exceed 2 x Precept? | E6: =IF(C4>(2*E4),"Yes - Please explain below","No") -> Yes - Please explain below
B7: Please note: We run the devolution accounts separatly from the Parish Precept account. The Devolution accounts cover the running of primarily the car park and Public Toilets which were devolved from Cornwall Council. We use the Car Park revenue to fund the running of the toilets, Car park and its enforcement pus the maintenance of the flower beds. This is to ensure that the parishioners do not have to face an increase to the precept to fund Public Toilets and Car Park - used by majority of visitors from elsewhere going to the beach. We did this so that the Public Toilets were not closed by Cornwall Council.
E8: £ | F8: £ | G8: £
B9: Earmarked reserves: | K9: end of year account March 31st 2023
B10: Parish Precept Account. Total at amend of year £49746.93 | K10: parish | L10: 49746.93
C11: Defibrillators | E11: 4100 | K11: devo deposit | L11: 56859.87
C12: Parish Plans/projects | E12: 8000 | K12: devo current | L12: 14849.59
C13: Election | E13: 1275
C14: Asset replacement | E14: 17000
C15: Park/ Open Space | E15: 6350
C16: Clerk/locum | E16: 4500
C17: General Maintenance | E17: 1700
C18: Cil Levy | E18: 5267.33
B19: gen reserves 1-2months running costs, contingency. | E19: 1554.59
B20: Devolution Accounts Total at March 31 2023 £71709.46
C21: Car park | E21: 30000 | F21: Resurfacing
C22: Flowerbeds | E22: 1400 | F22: replanting and costs of future larger scale plans/equipment needed
C23: Public toilets | E23: 25000 | F23: replacement of fixtures, plumbing/larger repairs and renovation modernisation to building (long-term)
C24: ticket machine car park | E24: 4500 | F24: Asset replacement, stock, sitework and signage
C25: Enforcement | F25: Additional emergency Enforcement costs for car park/yellow lines.
C26: General reserves of Devolution | E26: 10809.46 | F26: To cover up to 6 months running costs of devolution budget/ toilets i.e. if loss of income from Ticket machine not covered by insurance i.e. COVID/loss of cleaning staff have to employ higher costs of agency whilst finding replacements. Plus cover for fault at machine/ lack of income /being replaced. Although more could be allocated to Public toilet renovations
E28: 0
E29: 0
F30: =SUM(E11:E29) -> 121456.38
B32: General reserve devolution
F33: =E32 -> 0
B34: Total reserves (must agree to Box 7) | G34: =F30+F33 -> 121456.38 | I34: box 7 is £121456.38

Sheet Box 9 Fixed assets
B1: Total fixed assets inc. long term investments
B4: 2021/22 | C4: ='Accounting Statement'!C16 -> 182048 | D4: 2022/23 | E4: ='Accounting Statement'!D16 -> 182330.6
D6: Difference | E6: =E4-C4 -> 282.6
D7: % Change | E7: =IF(AND(C4=0,E4=0),0,IF(C4=0,1,IF(E4=0,-1,(E4-C4)/C4))) -> 0.0015523378 | F7: =IF(E7<-0.15,"yes explain",IF(E7>0.15,"Yes explain","No explanation required")) -> No explanation required
B9: Use the table below to breakdown your explanation
B10: (include any new additions or sold assets which should be reflected in other receipts or other payments)
B12: 2021/22 £ | C12: 2022/23 £ | D12: Difference | E12: Explanation (Ensure each explanation is quantified)
D13: =C13-B13 -> 0
D14: =C14-B14 -> 0
D15: =C15-B15 -> 0
D16: =C16-B16 -> 0
D17: =C17-B17 -> 0
D18: =C18-B18 -> 0
D19: =C19-B19 -> 0
D20: =C20-B20 -> 0
D21: =C21-B21 -> 0
D22: =C22-B22 -> 0
D23: =C23-B23 -> 0
D24: =C24-B24 -> 0
... D27: =C27-B27 -> 0
A28: Total | B28: =SUM(B13:B27) -> 0 | C28: =SUM(C13:C27) -> 0 | D28: =SUM(D13:D27) -> 0
A31: Enter more lines as appropriate

Sheet Box 10 Borrowings
B1: Total borrowings
B4: 2021/22 | C4: ='Accounting Statement'!C17 -> 0 | D4: 2022/23 | E4: ='Accounting Statement'!D17 -> 0
D6: Difference | E6: =F4-C4 -> 0
E7: =IF(AND(C4=0,E4=0),0,IF(C4=0,1,IF(E4=0,-1,(E4-C4)/C4))) -> 0 | F7: =IF(D12<-0.15,"yes explain",IF(D12>0.15,"Yes explain","No explanation required")) -> No explanation required
B9: Use the table below to breakdown your explanation
B11: 2021/22 £ | C11: 2022/23 £ | D11: Difference | E11: Explanation (Ensure each explanation is quantified)
D12: =C12-B12 -> 0
D13: =C13-B13 -> 0
D14: =C14-B14 -> 0
D15: =C15-B15 -> 0
D16: =C16-B16 -> 0
D17: =C17-B17 -> 0
D18: =C18-B18 -> 0
D19: =C19-B19 -> 0
D20: =C20-B20 -> 0
D21: =C21-B21 -> 0
D22: =C22-B22 -> 0
D23: =C23-B23 -> 0
... D26: =C26-B26 -> 0
A27: Total | B27: =SUM(B12:B26) -> 0 | C27: =SUM(C12:C26) -> 0 | D27: =SUM(D12:D26) -> 0
A30: Enter more lines as appropriate
